 Dungeon Crawl Stone Soup version 0.18-a0-1782-gb76a692 (webtiles) character file.

75 M4edhros the Insei (level 4, 0/28 HPs)
             Began as a Tengu Monk on Apr 17, 2016.
             Slain by a goblin (5 damage)
             ... led by Robin
             ... on level 2 of the Dungeon.
             The game lasted 00:01:24 (1951 turns).

M4edhros the Insei (Tengu Monk)                     Turns: 1951, Time: 00:01:25

Health: 0/28       AC:  2    Str: 12    XL:     4   Next: 31%
Magic:  5/5        EV: 14    Int: 10    God:
Gold:   67         SH:  0    Dex: 17    Spells: 0 memorised, 3 levels left

rFire  . . .     SeeInvis .     e - +1 dagger (drain)
rCold  . . .     Gourm    +     a - +0 robe
rNeg   . . .     Faith    .     (no shield)
rPois  .         Spirit   .     (helmet restricted)
rElec  .         Dismiss  .     (no cloak)
rCorr  .         Reflect  .     (no gloves)
SustAt .         Harm     .     (boots unavailable)
MR     .....                    o - amulet of the gourmand
Stlth  ++........               (no ring)
                                (no ring)

@: not resistant to hostile enchantments, unstealthy
A: beak, talons 3
a: no special abilities


You were on level 2 of the Dungeon.
You were not hungry.

You visited 1 branch of the dungeon, and saw 2 of its levels.

You collected 67 gold pieces.

Inventory:

Hand Weapons
 e - a +1 dagger of draining (weapon)
 n - a cursed -2 mace
Armour
 a - a +0 robe (worn)
Jewellery
 o - an amulet of the gourmand (around neck)
Scrolls
 g - a scroll of teleportation {unknown}
 h - a scroll of amnesia {unknown}
 k - a scroll of fear {unknown}
 l - a scroll of random uselessness {unknown}
Potions
 c - a potion of magic {unknown}
 i - 2 potions of curing {unknown}
 j - a potion of agility {unknown}
Comestibles
 b - 2 bread rations
 f - a meat ration
 m - a slice of pizza


   Skills:
 - Level 3.0 Fighting
 - Level 3.2 Dodging
 - Level 2.0 Stealth
 + Level 6.2 Unarmed Combat


You had 3 spell levels left.
You didn't know any spells.

Dungeon Overview and Level Annotations

Branches:
Dungeon (2/15)

Altars:

Annotations:
D:2 Robin


Innate Abilities, Weirdness & Mutations

You have a beak for a mouth.
You have claws for feet.


Message History

A hobgoblin comes into view.
The hobgoblin shouts!
The goblin hits you. Robin throws the goblin at you! The goblin misses you.
You see here a sling bullet.
You closely miss the goblin. Robin throws the goblin at you!
The goblin hits you. The hobgoblin misses you. The goblin misses you.
Unknown command.
Drink which item? (? for menu, Esc to quit)
Okay, then.
Read which item? (? for menu, Esc to quit)
Okay, then.
Drink which item? (? for menu, Esc to quit)
It was a potion of cure mutation.
It has a very clean taste.
The goblin hits you with a dagger.
Robin says, "Bow before me, strongest of all the hobgoblins!"
The goblin hits you.
* * * LOW HITPOINT WARNING * * *
The goblin hits you.
You die...

#.##..### #.#...#.#
.#.# ##........#
#.#...#.# .. .
....#..##.# ##.#...#.#
##.##
#...#..##.###........#
..
#....†......#.########
#.#.#.###.#.#†##..
..#.#.###...#.##.#
###....(..#.#.##g####
# ###........(.g@ggg#
#.......#.##g##gg....
#.#..##.#.##.# ....#
#.#...#.#..... .g.#
#.#.#.#.#####.# #.#
#.#.#.#.# .# #
#.......# .. #.#..#.##
.. ##.....#


You could see Robin, a hobgoblin and 6 goblins.

Vanquished Creatures
  Ijyb (D:2)
  An adder (D:2)
  A worm (D:2)
  A giant gecko (D:2)
  6 bats
  3 giant cockroaches
  7 goblins
  5 hobgoblins
  3 kobolds
  A quokka (D:2)
  2 giant newts
  4 rats
35 creatures vanquished.

Notes
Turn   | Place    | Note
--------------------------------------------------------------
     0 | D:1      | M4edhros the Tengu Monk began the quest for the Orb.
     0 | D:1      | Reached XP level 1. HP: 14/14 MP: 2/2
   553 | D:1      | Reached XP level 2. HP: 19/19 MP: 3/3
   757 | D:1      | Reached skill level 5 in Unarmed Combat
  1629 | D:2      | Reached XP level 3. HP: 23/23 MP: 4/4
  1677 | D:2      | Noticed Ijyb
  1697 | D:2      | Killed Ijyb
  1762 | D:2      | Reached skill level 6 in Unarmed Combat
  1762 | D:2      | Reached XP level 4. HP: 28/28 MP: 5/5
  1944 | D:2      | Noticed Robin
  1951 | D:2      | Slain by a goblin

Vault maps used:
D:1:      dpeg_arrival_another_circle, solitary_fountain
D:2:      uniq_iyjb, uniq_robin, uniq_jessica

Skill      XL: |  1  2  3 |
---------------+----------+-----
Unarmed Combat | 5 6 |  6.2
Fighting       | |  3.0
Dodging        | |  3.2
Stealth        | |  2.0

Action                   |  1- 3 |  4- 6 || total
-------------------------+-------+-------++-------
Melee: Unarmed           |    22 |       ||    22
       Kick              |    16 |     3 ||    19
       Peck              |    13 |     1 ||    14
       Dagger            |    60 |    13 ||    73
       Punch             |     2 |       ||     2
  Use: Potion            |       |     1 ||     1
 Stab: Sleeping          |     6 |     1 ||     7
  Eat: Beef jerky        |     1 |       ||     1
       Chunk             |       |     5 ||     5
Armor: Robe              |    17 |     2 ||    19
Dodge: Dodged            |    54 |     8 ||    62
